 Dungeon Crawl Stone Soup version 0.13.1-2-gfb2c2b7 (webtiles) character file.

382 Lilouch the Skirmisher (level 5, -4/40 HPs)
             Began as a Mummy Chaos Knight on Dec 12, 2013.
             Was a Plaything of Xom.
             Slain by Menkaure (12 damage)
             ... on Level 4 of the Dungeon.
             The game lasted 00:06:06 (2390 turns).

Lilouch the Skirmisher (Mummy Chaos Knight)         Turns: 2390, Time: 00:06:07

HP  -4/40        AC 10     Str 16      XL: 5   Next:  4%
MP   5/5         EV  8     Int 11      God: Xom
Gold 240         SH  0     Dex 11      Spells:  0 memorised,  4 levels left

Res.Fire  : x . .   See Invis. : .   a - +0 spear (chaos) {=f}
Res.Cold  : + + .   Warding    : .   h - +1 scale mail {rC+}
Life Prot.: + + +   Conserve   : .   (no shield)
Res.Poison: +       Res.Corr.  : .   (no helmet)
Res.Elec. : .       Clarity    : .   q - +0 elf cloak
Sust.Abil.: . .     Spirit.Shd : .   j - +0 pair of gloves
Res.Mut.  : .       Stasis     : .   (no boots)
Res.Rott. : +       Flight     : .   d - amulet of faith
Saprovore : . . .                    (no ring)
                                     (no ring)

@: slightly resistant to hostile enchantments, extremely unstealthy
A: no food or potions, fire vulnerability, restore body, cold resistance 1, life
protection 3, poison resistance, torment resistance, unbreathing
a: Renounce Religion


You were on level 4 of the Dungeon.
You worshipped Xom.
You were a toy of Xom.
You were not hungry.

You visited 1 branch of the dungeon, and saw 4 of its levels.

You collected 220 gold pieces.

Inventory:

Hand weapons
 a - a +0,+0 spear of chaos (weapon) {=f}
Missiles
 g - 27 poisoned needles
 i - 5 silver darts (quivered)
 o - 11 bolts
Armour
 h - a +1 scale mail of cold resistance (worn)
 j - a +0 pair of gloves (worn)
 q - a +0 elven cloak (worn)
Magical devices
 r - a wand of enslavement (11) {unknown}
Scrolls
 b - 4 scrolls of remove curse {unknown}
 c - 4 scrolls of enchant weapon II {unknown}
 e - 5 scrolls of random uselessness {unknown}
 f - 2 scrolls of enchant armour {unknown}
 k - a scroll of identify {unknown}
 l - a scroll of teleportation {unknown}
 m - a scroll of curse jewellery {unknown}
 n - a scroll of curse armour {unknown}
 p - a scroll of fear {unknown}
Jewellery
 d - an amulet of faith (around neck)


   Skills:
 + Level 4.1 Fighting
 + Level 3.3 Polearms
 + Level 2.8 Armour
 - Level 0.7 Dodging


You had 4 spell levels left.
You didn't know any spells.

Dungeon Overview and Level Annotations

Branches:
Dungeon (4/27)
 Temple: D:4-7

Altars:
Sif Muna
Yredelemnul

Annotations:
D:4 Menkaure


Innate Abilities, Weirdness & Mutations

You do not eat or drink.
Your flesh is vulnerable to fire.
Your flesh is cold resistant.
You are immune to negative energy.
Your system is resistant to poisons.
You are immune to unholy pain and torment.
You can survive without breathing.


Message History

You hit it.
Reactivating autopickup.
You have reached level 5!
You feel a bit more experienced.
You hit the kobold. You freeze the kobold.
The kobold is severely wounded.
The kobold hits you with an elven blowgun.
You hit the kobold.
You kill the kobold!
You are unaffected.
It hits you!
Things that are here:
an elven blowgun; a kobold corpse; 8 poisoned needles; a jackal corpse Deactivating autopickup; reactivate with Ctrl-A.
You hit it but do no damage. It completely misses you.
You barely miss it. It hits you!
* * * LOW HITPOINT WARNING * * *
Your scale mail prevents you from hitting it.
It hits you!
You die...

##..≈≈≈≈.≈.......# #
###...≈≈..#.#....# #
#.##..............#.# #
.......M.##.##.....#.###
#.#...#.##...#......
#.#.#........!.#.###
#.#...#.###......# #
#.##.##.####.#.### #
#.(@.........#.#
####.......###.##
#####.........
#...##.#.......
#.....<........
#...##.#...>... ## ###
..... .... ...


There were no monsters in sight!

Vanquished Creatures
  A hippogriff zombie (D:4)
  A hound skeleton (D:4)
  A giant mite (D:4)
  2 worms
  2 giant geckos
  2 oozes
  An orc (D:3)
  A ball python (D:2)
  3 giant cockroaches
  8 hobgoblins
  5 kobolds
  4 bats
  4 giant newts
  5 goblins
  9 jackals
  2 rats
51 creatures vanquished.

Vanquished Creatures (others)
  An orc (D:3)
1 creature vanquished.

Grand Total: 52 creatures vanquished

Notes
Turn   | Place    | Note
--------------------------------------------------------------
     0 | D:1      | Lilouch, the Mummy Chaos Knight, began the quest for the Orb.
     0 | D:1      | Reached XP level 1. HP: 16/16 MP: 1/1
   104 | D:1      | XOM: harmless Conj miscast
   182 | D:1      | Reached XP level 2. HP: 19/22 MP: 2/2
   362 | D:1      | XOM: harmless Erth miscast
   699 | D:2      | Found a basalt altar of Yredelemnul.
   854 | D:2      | XOM: harmless Erth miscast
   877 | D:2      | Reached XP level 3. HP: 24/28 MP: 3/3
  1040 | D:3      | XOM: cast spell 'Summon Butterflies'
  1262 | D:2      | XOM: god gift: 42 gold pieces
  1543 | D:3      | XOM: 2-stop teleportation journey
  1833 | D:3      | XOM: god gift: glowing battleaxe {god gift}
  1855 | D:3      | Reached XP level 4. HP: 34/34 MP: 4/4
  1888 | D:4      | XOM: potion effect (brilliance)
  1890 | D:4      | XOM: potion effect (might)
  1897 | D:4      | Reached skill level 4 in Fighting
  1973 | D:4      | Noticed Menkaure
  1974 | D:4      | XOM: silly message
  2080 | D:3      | Found a deep blue altar of Sif Muna.
  2384 | D:4      | Reached XP level 5. HP: 35/40 MP: 5/5
  2390 | D:4      | Slain by Menkaure

Action                   |  1- 3 |  4- 6 || total
-------------------------+-------+-------++-------
Melee: Spear             |   203 |    51 ||   254
 Stab: Paralysed         |     6 |       ||     6
       Petrified         |     2 |       ||     2
